 Dungeon Crawl Stone Soup version 0.17-a0-1701-gf693a3f (webtiles) character file.

57 hexophile the Ducker (level 3, -5/19 HPs)
             Began as a Spriggan Chaos Knight on Aug 22, 2015.
             Slain by a great orb of eyes (7 damage)
             ... on level 1 of the Dungeon.
             The game lasted 00:03:36 (8558 turns).

hexophile the Ducker (Spriggan Chaos Knight)        Turns: 8558, Time: 00:03:36

Health: -5/19      AC:  5    Str:  8      XL:     3   Next: 73%
Magic:  4/4        EV: 26    Int: 11 (13) God:    Xom [..*...]
Gold:   25         SH:  0    Dex: 21      Spells: 0 memorised, 2 levels left

rFire  . . .     SeeInvis +     a - +0 spear (chaos)
rCold  . . .     Clarity  .     b - +2 robe
rNeg   . . .     SustAt   .     (shield restricted)
rPois  .         Gourm    .     (helmet restricted)
rElec  .         Spirit   .     (no cloak)
rCorr  .         Warding  .     (gloves unavailable)
rMut   .         Stasis   .     (boots unavailable)
MR     .....                    (no amulet)
Stlth  +++.......               (no ring)
                                (no ring)

@: agile, lethally poisoned (-5 -> -6), very slightly contaminated, hasted, very
quick, not resistant to hostile enchantments, fairly stealthy
A: unfitting armour, icy blue scales 1, see invisible, herbivore 3, speed 3,
mutation resistance 1, slow metabolism 2, wild magic 1
a: Renounce Religion


You were on level 1 of the Dungeon.
You worshipped Xom.
You were a toy of Xom.
You were not hungry.

You visited 1 branch of the dungeon, and saw 2 of its levels.

You collected 25 gold pieces.

Inventory:

Hand weapons
 a - a +0 spear of chaos (weapon)
Armour
 b - a +2 robe (worn)
Jewellery
 g - a cursed ring of sustain attributes {unknown}
 j - an uncursed amulet of guardian spirit {unknown}
Scrolls
 f - a scroll of immolation {unknown}
 h - 2 scrolls of teleportation {unknown}
 k - a scroll of recharging {unknown}
 l - a scroll of amnesia {unknown}
Potions
 i - a potion of lignification {unknown}


   Skills:
 - Level 2.4 Fighting
 * Level 3.1 Polearms
 + Level 4.8 Dodging


You had 2 spell levels left.
You didn't know any spells.

Dungeon Overview and Level Annotations

Branches:
Dungeon (2/15)

Altars:


Innate Abilities, Weirdness & Mutations

You are tiny and cannot use many weapons and most armour.
You have supernaturally acute eyesight.
You are a herbivore.
You cover ground extremely quickly.
You need consume almost no food.
You are partially covered in icy blue scales (AC +1).
You are somewhat resistant to further mutation.
Your spells are a little harder to cast, but a little more powerful.


Message History

You feel sick. Xom smiles on you.
You feel agile all of a sudden.
You bump into the rock wall.
You bump into the translucent rock wall.
Unknown command.
You bump into the rock wall.
Unknown command.
You bump into the rock wall.
You bump into the rock wall.
* * * LOW HITPOINT WARNING * * *
You feel sick. The great orb of eyes gazes at you.
You struggle to resist.
There is a stone staircase leading down here.
You bump into the rock wall.
You feel less confused. The great orb of eyes bites you!
You die...
Xom laughs nastily!

###### ###### ######
######### ######
######### ######
######### ######
##################
#>G(.)............
#@###########.####
#.####### #.##..
#.####### #.....
#.#...##########..
###.................
#........###########
#.######.# ######
#.# #.# #.#
#.###########


You could see a great orb of eyes.

Vanquished Creatures
  An ooze (D:1)
  A giant gecko (D:1)
  An orc (shapeshifter) (D:1)
  A giant cockroach (D:1)
  6 goblins
  5 hobgoblins (D:1)
  4 kobolds (D:1)
  4 bats
  2 giant newts (D:1)
  3 rats (D:1)
28 creatures vanquished.

Vanquished Creatures (collateral kills)
  A jelly (D:1)
1 creature vanquished.

Grand Total: 29 creatures vanquished

Notes
Turn   | Place    | Note
--------------------------------------------------------------
     0 | D:1      | hexophile the Spriggan Chaos Knight began the quest for the Orb.
     0 | D:1      | Reached XP level 1. HP: 11/11 MP: 2/2
    58 | D:1      | XOM: silly message
    79 | D:1      | XOM: divination: detect creatures
   107 | D:1      | XOM: silly message
   655 | D:1      | Reached XP level 2. HP: 16/16 MP: 3/3
   722 | D:1      | XOM: divination: magic mapping
   916 | D:1      | XOM: smoke on damage
   919 | D:1      | Reached skill level 4 in Dodging
  1842 | D:1      | XOM: harmless Ice miscast
  2428 | D:1      | XOM: harmless Air miscast
  2770 | D:1      | XOM is BORED!
  2770 | D:1      | XOM: harmless Ice miscast
  3220 | D:1      | XOM: harmless Air miscast
  3720 | D:1      | XOM: harmless Fire miscast
  4080 | D:1      | XOM is BORED!
  4080 | D:1      | XOM: mild Divn miscast
  4321 | D:1      | XOM: give mutations
  4321 | D:1      | Gained mutation: Your spells are a little harder to cast, but a little more powerful. [Xom's grace]
  4321 | D:1      | Gained mutation: You are partially covered in icy blue scales (AC +1). [Xom's grace]
  4321 | D:1      | Gained mutation: You are somewhat resistant to further mutation. [Xom's grace]
  4399 | D:1      | XOM: vitrification
  4518 | D:1      | XOM: vitrification
  4764 | D:1      | XOM: summons 2 friendly demons
  4767 | D:1      | Reached XP level 3. HP: 7/19 MP: 4/4
  5149 | D:1      | XOM: noise
  5175 | D:1      | XOM: polymorph giant gecko -> jackal
  5467 | D:1      | XOM: summons 1 hostile demon
  6144 | D:1      | XOM: medium Fire miscast
  6157 | D:1      | XOM: mild Necr miscast
  6283 | D:1      | XOM: harmless Tloc miscast
  6561 | D:1      | XOM: harmless Fire miscast
  6568 | D:1      | XOM: harmless Erth miscast
  6973 | D:1      | XOM: medium Fire miscast
  7047 | D:1      | XOM: mild Summ miscast
  7311 | D:1      | XOM: harmless Ice miscast
  8026 | D:1      | Noticed a wolf spider
  8029 | D:1      | Noticed a great orb of eyes
  8029 | D:1      | a wolf spider changed into a great orb of eyes
  8029 | D:1      | XOM: polymorph wolf spider -> great orb of eyes
  8035 | D:1      | Paralysed by a great orb of eyes for 5 turns
  8099 | D:1      | XOM: fake destruction
  8278 | D:2      | XOM: silly message
  8420 | D:2      | XOM: harmless Erth miscast
  8467 | D:2      | XOM: harmless Pois miscast
  8499 | D:2      | XOM: potion effect (haste)
  8504 | D:2      | XOM: mild Pois miscast
  8550 | D:1      | XOM: potion effect (agility)
  8558 | D:1      | Slain by a great orb of eyes

Vault maps used:
D:1:      minmay_arrival_nine_rooms, hangedman_decor_push
D:2:      uniq_terence

Action                   || total
-------------------------++-------
Melee: Spear             ||   114
  Use: Potion            ||     2
 Stab: Sleeping          ||     3
  Eat: Bread ration      ||     1
